slavojka, chaotic female sylph Wizard ----- |<..---- ---- |......--|... --..|....|..--- ---|.........| ----.|....|--- ----- -----..|..----...-- ------ |..|....|.....---- |%%%.| --...........))..--- |..%.| |......---.......... ---|--------....-------...... % % %% ------.---...-|...-|..|..|-.%.-.. |..|-.........|..--|..|..|--.....- .. % |.%-...........@...-|---%-----%)-- | -----.....{....----.........%...%.| |..............-- |-|--.---------..... ||-----.........| |.%.|.| -.......- |...| --..------- |...|.+ -...--- |...| ---- ----- - ----- slavojka the Thaumaturge Experience level: 7 Strength: 8 Dexterity: 12 Constitution: 13 Intelligence: 18 Wisdom: 19 Charisma: 8 Health: 0(53) Energy: 76(86) Def: 1 Gold: 0 Moves: 3871 Dungeon seed: CwMsEE7ciiuLcN0q Game ID: slavojka_1551736034 Your Inventory: Amulets A - a cursed amulet of restful sleep Weapons a - a blessed +1 quarterstaff (weapon in hands) H - an uncursed +0 elven dagger Armor e - an uncursed +0 cloak of magic resistance (being worn) I - a blessed +0 dwarvish cloak Y - a blessed +1 dwarvish iron helm Comestibles c - 2 cursed melons X - 5 cursed cram rations Scrolls F - 2 uncursed scrolls of water L - a blessed scroll of enchant weapon Q - a blessed scroll of teleportation Spellbooks b - a blessed spellbook of force bolt m - an uncursed spellbook of magic missile t - an uncursed spellbook of confuse monster w - an uncursed spellbook of detect food Potions g - an uncursed potion of healing j - an uncursed potion of see invisible k - an uncursed potion of water l - 2 uncursed potions of speed u - an uncursed potion of blindness z - an uncursed potion of invisibility K - an uncursed potion of booze O - a blessed potion of speed U - a cursed potion of fruit juice V - a cursed potion of monster detection Rings i - a cursed -1 ring of adornment B - an uncursed ring of aggravate monster G - a cursed -1 ring of protection Wands d - an uncursed wand of nothing (0:8) r - an uncursed wand of magic missile (0:5) W - a cursed wand of slow monster (0:3) Tools v - an uncursed skeleton key C - an uncursed oil lamp (lit) (0:775) D - an uncursed wax candle (0:400) E - an uncursed tin whistle J - a cursed wax candle (0:400) M - an uncursed blindfold Gems h - 2 cursed worthless pieces of black glass n - an uncursed worthless piece of blue glass o - a cursed worthless piece of green glass p - 2 uncursed worthless pieces of orange glass q - an uncursed jasper x - a cursed worthless piece of white glass y - 3 uncursed touchstones N - 4 uncursed opals P - an uncursed worthless piece of white glass R - 2 uncursed luckstones S - an uncursed worthless piece of violet glass Spells and supernatural/magical abilities: Name Level Category Fail Memory a - force bolt 1 attack 0% 81% m - magic missile 2 attack 0% 95% n - detect monsters 1 divination 0% 81% u - confuse monster 2 enchantment 0% 95% E - detect food 2 divination 19% 95% W - pray for help -- divine ? -- Your skills at the end: Miscellaneous Skills wands [Basic] stealth [Expert] Weapon Skills quarterstaff [Basic] Spellcasting Skills attack spells [Skilled] enchantment spells [Basic] Final Attributes: You were fervently aligned. You were magic-protected. Your writing hand was ok. You saw invisible. You were telepathic. You had infravision. You were going to confuse monsters. You were displaced. You were very stealthy. You were protected from shape changers. You were lucky. You had extra luck. Bad luck did not time out for you. Good luck did not time out for you. You are dead. Vanquished creatures: a ghost a large mimic 2 watchmen a leprechaun a lizard a gnome king a dwarf lord a soldier ant a pony a violet fungus 4 gnome lords a gnomish wizard a red naga hatchling a black naga hatchling a straw golem a paper golem a puppy a floating eye a kitten 6 dwarves a kobold lord 2 iguanas a rothe 4 orc zombies a hobbit a large kobold a gecko a giant rat 2 cave spiders a green mold 17 gnomes 2 garter snakes 6 jackals a fox 8 newts a goblin a sewer rat a grid bug 2 lichens a kobold zombie 84 creatures vanquished. Voluntary challenges: You did not adorn yourself with jewelry or accessories. You did not cause conflict. You were not invisible. You did not have reflection. You were an atheist. You used a wielded weapon 43 times, starting on turn 3. You did not apply a unicorn horn. You did not use plumbed fixtures. You did not drink any magical draughts. You read items or engraved 14 times, starting on turn 480. You never genocided any monsters. You never polymorphed an object. You never changed form. You used no wishes. You never split a pudding. You wrote Elbereth's name 1 time, starting on turn 3646. You violated your moral code, losing 12 points of alignment, starting on turn 1758. Dungeon overview: The Dungeons of Doom: levels 1 to 4 Level 1 a long staircase Level 2 Level 3 a general store, some fountains stairs to The Gnomish Mines Level 4 a fountain The Gnomish Mines: levels 4 to 6 Level 4 stairs to The Dungeons of Doom Level 5 Level 6 <- You were here a delicatessen, a fountain History has recorded: On T:1 you entered the Dungeons of Doom to retrieve the Amulet of Yendor! On T:389 you reached level 2 of The Dungeons of Doom. On T:455 you reached level 3 of The Dungeons of Doom. On T:1185 you advanced to experience level 2. On T:1338 you reached level 4 of The Dungeons of Doom. On T:1413 you advanced to experience level 3. On T:2018 you reached level 1 of The Gnomish Mines. On T:2151 you advanced to experience level 4. On T:2218 you advanced to experience level 5. On T:2598 you reached level 2 of The Gnomish Mines. On T:2679 you advanced to experience level 6. On T:3556 you reached level 3 of The Gnomish Mines. On T:3748 you advanced to experience level 7. Score breakdown: Gold: 0 ( 0 points) Experience: 7 levels ( 600 points) Exploration: 6 levels ( 150 points) Discoveries: 40 items ( 2000 points) Variety of kills: 40 monsters ( 2000 points) Major goal: (nothing yet) ( 0 points) Survival: died (score multiplied by 3) Total score: 14250 Latest messages: You hit the gnomish wizard. The air crackles around the gnomish wizard. The spell hits the gnomish wizard! You kill the gnomish wizard! You have a little trouble lifting Q - a scroll labeled ETAOIN SHRDLU. You are beginning to feel hungry. You hear someone cursing shoplifters. Kediri zaps a wand of striking! Boing! Kediri zaps a wand of striking! Boing! The spell hits Kediri! Kediri punches you! (2x) Your hands begin to glow red. Kediri punches you! (3x) You die... Kediri takes all your possessions. Final status: Goodbye slavojka the Wizard, killed by a Ms. Kediri, the shopkeeper... You died in The Gnomish Mines on dungeon level 6 with 14250 points, and 0 pieces of gold, after 3871 moves. You were level 7 with a maximum of 53 hit points when you died.